Map: Pylon LE

Players

MrMatrix

  • Race: Protoss Protoss
  • League: Master
  • Spawn Location: 5:00

ManlyManMeat - Winner!

  • Race: Zerg Zerg
  • League: Master
  • Spawn Location: 11:00

VOD

Have the link to the VOD?

Description

Time

  • Played on: June 15, 2025, 8:14 a.m.
  • Length: 18:58
Show
View Real Time Build Order
Export as new Build Order

MrMatrix Protoss 

Build Orders: Oracle Opening 

Get SALT Encoding   

  12  0:00  Probe  
  13  0:14  Probe  
  14  0:21  Pylon  
  14  0:26  Probe  
  15  0:41  Gateway  
  15  0:43  Probe  
  16  0:50  Assimilator  
  16  1:02  Probe  
  17  1:12  Probe  
  18  1:20  Probe  
  18  1:24  Pylon  
  18  1:25  Assimilator  
  19  1:28  Probe  
  20  1:42  Cybernetics Core  
  20  1:43  Pylon  
  20  1:44  Probe  
  20  1:52  Probe  
  22  2:01  Probe  
  22  2:08  Nexus  
  23  2:13  Adept  
  23  2:17  Probe  
  23  2:20  Warp Gate  
  26  2:38  Stargate  
  26  2:40  Pylon, Probe  
  27  2:49  Adept  
  29  3:13  Gateway  
  29  3:15  Gateway  
  29  3:21  Oracle  
  32  3:42  Adept  
  32  3:46  Twilight Council  
  32  4:10  Gateway  
  32  4:14  Pylon  
  32  4:16  Adept x2  
  36  4:19  Resonating Glaives  
  36  4:20  Probe  
  36  4:21  Probe  
  38  4:27  Shield Battery  
  38  4:31  Probe  
  38  4:33  Adept, Probe  
  42  4:40  Probe  
  42  4:41  Probe  
  44  4:48  Probe  
  44  4:49  Probe  
  45  4:59  Probe  
  46  5:00  Probe  
  48  5:11  Probe  
  49  5:31  Probe x2  
  51  5:40  Adept x4  
  59  5:43  Probe x2  
  61  5:50  Fleet Beacon  
  61  5:53  Gateway x2  
  61  5:55  Gateway, Probe  
  62  5:57  Assimilator  
  62  5:59  Assimilator  
  62  6:08  Adept  
  62  6:09  Adept  
  66  6:11  Nexus  
  66  6:15  Adept x2  
  70  6:27  Pylon  
  70  6:31  Pylon  
  70  6:38  Pylon  
  70  6:41  Pylon  
  70  6:45  Probe x2  
  72  6:57  Probe x2  
  56  7:42  Probe x2  
  54  7:44  Probe  
  54  7:47  Stalker x5  
  54  7:48  Stalker x2  
  67  7:54  Probe x2  
  67  7:56  Probe  
  68  8:02  Pylon  
  68  8:05  Pylon  
  68  8:06  Probe x2  
  68  8:09  Probe  
  71  8:14  Forge  
  71  8:17  Stalker x5  
  71  8:18  Stalker x2, Probe x2  
  76  8:40  Probe x3  
  79  8:46  Forge  
  79  8:48  Stalker x5  
  85  8:49  Stalker  
  69  9:03  Probe  
  67  9:35  Probe  
  66  9:47  Probe  
  66  10:09  Blink  
  66  10:16  Protoss Ground Weapons Level 1  
  66  10:17  Protoss Ground Armor Level 1  
  63  10:21  Pylon  
  63  10:22  Stalker x3  
  63  10:23  Stalker x2  
  63  10:25  Pylon  
  68  10:31  Pylon  
  66  10:36  Probe  
  66  10:41  Stalker x2  
  71  10:48  Probe  
  72  11:00  Probe  
  73  11:05  Unknown  
  73  11:12  Probe  
  70  11:24  Probe  
  65  11:26  Probe x2  
  67  11:36  Pylon, Probe  
  67  11:38  Probe x2  
  64  11:48  Probe  
  64  11:50  Stalker x3  
  64  11:51  Stalker x2  
  62  12:04  Stalker x2  
  64  12:25  Probe  
  64  12:26  Probe  
  66  12:33  Protoss Ground Weapons Level 2, Probe  
  66  12:38  Probe  
  66  12:40  Probe  
  66  12:43  Probe  
  70  12:51  Robotics Facility, Probe  
  70  12:52  Probe  
  72  12:59  Probe  
  72  13:00  Probe  
  74  13:05  Protoss Ground Armor Level 2  
  74  13:06  Probe  
  74  13:08  Probe  
  74  13:09  Probe  
  77  13:18  Probe  
  77  13:19  Stalker x2  
  82  13:30  Assimilator, Probe  
  82  13:33  Assimilator  
  83  13:38  Stalker  
  83  13:39  Stalker x2  
  85  13:42  Probe  
  82  13:54  Probe  
  78  14:00  Stalker x4  
  81  14:16  Immortal  
  85  14:33  Nexus  
  85  14:46  Immortal  
  85  14:47  Charge  
  85  14:58  Stalker x3  
  95  15:10  Probe  
  95  15:11  Probe  
  97  15:20  Observer  
  97  15:22  Probe  
  97  15:23  Probe  
  100  15:33  Immortal  
  100  15:39  Stalker x3  
  110  15:47  Probe  
  110  15:48  Probe x2  
  113  15:51  Probe  
  114  15:59  Probe  
  114  16:00  Probe x2  
  108  16:12  Observer  
  91  16:37  Stalker x4  
  99  16:44  Probe  
  93  16:52  Zealot x2  
  93  16:53  Zealot  
  90  16:56  Probe  
  90  16:58  Probe  
  87  17:03  Immortal  
  87  17:06  Probe  
  87  17:08  Probe  
  94  17:16  Zealot, Probe  
  94  17:17  Zealot  
  94  17:20  Probe  
  100  17:28  Probe  
  87  17:40  Probe  
  88  17:47  Stalker  
  90  18:00  Probe  
  90  18:04  Pylon  
  27  18:43  Zealot  
  27  18:44  Zealot x3  
Show
View Real Time Build Order
Export as new Build Order

ManlyManMeat Zerg - Winner!

Build Orders: Hatch First 

Get SALT Encoding   

  12  0:09  Overlord  
  12  0:13  Drone  
  13  0:16  Drone  
  14  0:27  Drone  
  15  0:31  Drone  
  16  0:47  Hatchery  
  15  0:50  Drone  
  16  0:57  Drone  
  17  1:10  Spawning Pool  
  16  1:13  Drone  
  17  1:18  Extractor  
  17  1:19  Drone  
  17  1:26  Drone  
  18  1:35  Drone  
  19  1:46  Drone  
  20  1:56  Drone  
  20  1:59  Queen x2  
  25  2:02  Overlord  
  25  2:08  Zergling x2  
  26  2:11  Zergling x2  
  27  2:18  Metabolic Boost  
  27  2:26  Drone x2  
  29  2:33  Drone  
  29  2:34  Drone  
  31  2:41  Drone  
  32  2:49  Drone  
  32  3:00  Zergling x4  
  32  3:01  Queen  
  36  3:07  Overlord  
  36  3:13  Hatchery  
  35  3:20  Drone  
  36  3:28  Drone x5  
  36  3:29  Drone  
  42  3:49  Zergling x4  
  44  4:01  Overlord x2  
  43  4:15  Overlord x3  
  43  4:19  Lair  
  43  4:23  Evolution Chamber  
  42  4:24  Evolution Chamber  
  42  4:25  Drone  
  42  4:26  Drone x8  
  50  4:33  Queen  
  50  4:36  Zergling x2  
  50  4:37  Zergling x4  
  55  4:45  Drone  
  55  4:46  Drone x4  
  60  4:52  Spore Crawler  
  60  4:55  Spore Crawler  
  60  4:57  Spore Crawler  
  56  5:03  Spore Crawler  
  52  5:08  Extractor  
  50  5:17  Zergling x2  
  50  5:18  Zergling x14  
  58  5:44  Zerg Melee Weapons Level 1, Zerg Ground Armor Level 1  
  58  5:45  Roach Warren  
  58  5:48  Extractor, Drone x3  
  58  5:49  Extractor, Drone x2  
  60  6:04  Queen x2  
  60  6:09  Drone  
  60  6:10  Drone x5  
  70  6:13  Spore Crawler  
  70  6:16  Spore Crawler  
  68  6:20  Zergling x8  
  65  6:33  Queen  
  65  6:34  Roach  
  65  6:35  Roach x6  
  80  6:40  Roach  
  80  6:41  Roach x2  
  86  6:54  Roach  
  62  7:42  Zergling x30  
  62  7:43  Zergling x6  
  74  7:59  Roach x4  
  82  8:09  Glial Reconstitution  
  79  8:29  Roach x4  
  58  9:03  Roach  
  58  9:04  Zergling x6, Drone x3  
  58  9:05  Zergling x14  
  71  9:23  Drone x4  
  74  9:30  Zergling x4  
  75  9:32  Hatchery  
  65  9:53  Zergling x14  
  65  9:54  Zergling x4  
  63  10:17  Extractor  
  63  10:18  Drone x9  
  63  10:19  Extractor  
  66  10:48  Drone x5  
  66  10:49  Drone x5  
  76  10:54  Roach x7  
  88  11:01  Overlord x2  
  67  11:27  Roach x12  
  88  11:42  Drone  
  88  11:43  Drone x6  
  83  12:07  Roach x6  
  83  12:08  Overlord x3  
  95  12:11  Drone  
  96  12:20  Tunneling Claws  
  96  12:21  Zerg Ground Armor Level 2  
  96  12:22  Zerg Missile Weapons Level 1  
  96  12:28  Drone x6  
  102  12:42  Roach x6  
  114  12:51  Extractor  
  114  12:58  Zergling x14  
  120  13:11  Overlord  
  120  13:12  Overlord x3  
  120  13:28  Overlord x2  
  120  13:29  Overlord x2  
  97  13:56  Roach x16  
  97  13:57  Roach  
  129  14:13  Infestation Pit  
  128  14:19  Roach  
  128  14:20  Roach x7  
  144  14:24  Ravager  
  144  14:26  Overlord x2  
  144  14:29  Overlord  
  144  14:30  Overlord  
  145  14:40  Queen  
  147  14:47  Hatchery  
  146  14:53  Roach  
  146  14:54  Roach x7  
  146  14:55  Roach x2  
  146  14:59  Hydralisk Den  
  165  15:05  Zerg Missile Weapons Level 2  
  165  15:08  Zergling x8  
  169  15:42  Hydralisk  
  169  15:43  Hydralisk x10  
  183  16:22  Roach x14  
  183  16:23  Roach  
  161  16:35  Hydralisk  
  161  16:36  Hydralisk x5  
  160  16:54  Zergling x14  
  152  17:02  Hive  
  146  17:23  Roach x3  
  146  17:24  Roach x4  
  154  17:47  Zergling x24  
  166  18:00  Overlord x2  
  160  18:23  Roach x5  
  160  18:24  Roach x7  
Tags
 
Add a new tag
Caveats
  • Supply blocks, unpowered buildings, or Contaminate may cause inaccurate times.
  • Supply counts are checked every 10 seconds.